 Dungeon Crawl Stone Soup version 0.26-a0-1161-g0398aca569 (webtiles) character file.

Game seed: 15406879162808752113

2744 egbert2 the Thaumaturge (level 9, -7/45 HPs)
             Began as a Deep Elf Conjurer on Dec 23, 2020.
             Was a Follower of Qazlal.
             Mangled by Harold
             ... wielding a +0 dire flail
              (13 damage)
             ... on level 8 of the Dungeon.
             The game lasted 01:00:55 (5788 turns).

egbert2 the Thaumaturge (Deep Elf Conjurer)         Turns: 5788, Time: 01:00:56

Health: -7/45      AC:  2    Str:  4    XL:     9   Next: 41%
Magic:  1/26       EV:  7    Int: 27    God:    Qazlal [*.....]
Gold:   309        SH:  0    Dex: 13    Spells: 21/30 levels left

rFire    . . .     SeeInvis +   (no weapon)
rCold    . . .     Faith    .   (no shield)
rNeg     . . .     Spirit   .   a - +0 robe
rPois    .         Reflect  .   (no helmet)
rElec    .         Harm     .   (no cloak)
rCorr    .         Rampage  .   (no gloves)
Will     .....                  (no boots)
Stlth    +++.......             s - amulet of regeneration
HPRegen  0.55/turn              c - ring of stealth
MPRegen  0.20/turn              y - ring of see invisible

@: lethally poisoned (-7 -> -8), marked, held
A: no striking features
a: Renounce Religion


You were on level 8 of the Dungeon.
You worshipped Qazlal.
Qazlal was aware of your devotion.
You visited 2 branches of the dungeon, and saw 9 of its levels.

You collected 348 gold pieces.
You spent 39 gold pieces at shops.

Inventory:

Armour
 a - a +0 robe (worn)
Jewellery
 c - a ring of stealth (left hand)
 d - an uncursed ring of flight
 n - an uncursed ring of protection from cold
 s - an amulet of regeneration (around neck)
 y - a ring of see invisible (right hand)
 B - an uncursed amulet of guardian spirit
Wands
 v - a wand of flame (26)
 w - a wand of iceblast (8)
 z - a wand of disintegration (16)
 C - a wand of polymorph (5)
Scrolls
 e - 2 scrolls of magic mapping
 h - 6 scrolls of identify
 j - 2 scrolls of noise {unknown}
 k - 3 scrolls of enchant weapon {unknown}
 l - 2 scrolls of amnesia {unknown}
 m - 5 scrolls of remove curse
 p - a scroll of fear
 q - a scroll of enchant armour {unknown}
 t - 2 scrolls of teleportation
 A - a scroll of vulnerability {unknown}
Potions
 b - 4 potions of curing
 f - 3 potions of heal wounds {unknown}
 g - a potion of attraction {unknown}
 i - 2 potions of mutation {unknown}
 o - a potion of brilliance {unknown}
 r - 3 potions of lignification {unknown}
 u - a potion of cancellation {unknown}
 x - a potion of magic {unknown}


   Skills:
 + Level 4.9 Dodging
 + Level 4.4 Stealth
 + Level 11.1 Spellcasting
 + Level 10.3 Conjurations
 + Level 0.6 Translocations
 + Level 1.6 Evocations


You had 21 spell levels left.
You knew the following spells:

 Your Spells              Type           Power        Failure   Level
a - Magic Dart            Conj           100%         1%          1
b - Searing Ray           Conj           100%         1%          2
c - Iskenderun's Mystic   Conj/Tloc      44%          4%          4
d - Blink                 Tloc           N/A          4%          2

Your spell library contained the following spells:

 Spells                   Type           Power        Failure   Level
 Conjure Flame            Conj/Fire      42%          1%          3
 Dazzling Flash           Conj/Hex       84%          1%          3
 Mephitic Cloud           Conj/Pois/Air  33%          2%          3
 Corona                   Hex            16%          3%          1
 Fulminant Prism          Conj/Hex       21%          4%          4
 Call Imp                 Summ           15%          6%          2
 Ensorcelled Hibernation  Hex/Ice        30%          6%          2
 Slow                     Hex            15%          6%          2
 Confusing Touch          Hex            15%          12%         3
 Tukima's Dance           Hex            15%          12%         3


Dungeon Overview and Level Annotations

Branches:
Dungeon (8/15)             Temple (1/1) D:6
   Lair: D:8-11

Altars:
Ashenzari
Cheibriados
Dithmenos
Elyvilon
Fedhas
Gozag
Hepliaklqana
Kikubaaqudgha
Makhleb
Qazlal
Ru
Sif Muna
Trog
Uskayaw
Vehumet
Wu Jian
Xom
Zin
The Shining One

Shops:
D:4 ?:*   D:6 ([?=   D:7 *}*((

Annotations:
D:8 Harold


Message History

(Press . to maintain the ray.) Harold hits you with a +0 dire flail!
The searing ray hits Harold.
Harold is severely wounded.
A killer bee comes into view.
Harold hits you with a +0 dire flail!!
* * * LOW HITPOINT WARNING * * *
Casting: Searing Ray (safe; 1% risk of failure)
Confirm with . or Enter, or press ? or * to list all spells.
You don't have enough magic to cast that spell.
You feel better.
A killer bee comes into view.
Harold hits you with a +0 dire flail!
* * * LOW HITPOINT WARNING * * *
A killer bee comes into view.
You feel better. The killer bee closely misses you. The killer bee stings you.
* * * LOW HITPOINT WARNING * * *
You are poisoned.
The killer bee poisons you! Harold hits you with a +0 dire flail!
You die...

# #.# #.##
##.########.#
.....#......<...<#
#.............#
###.(#####.......
##..# .#.####
#.†.#####.#.#
#y#.......# #
###.###@..# ##
.....yy@#.#
###.###.#.# #.#.#
#.# #(# #.# #..
####


You could see Harold and 3 killer bees.

Vanquished Creatures
  Grinder (D:4)
  Prince Ribbit (D:5)
  Menkaure (D:4)
  2 sky beasts (D:6)
  3 ice beasts
  A black bear (D:4)
  A phantom (D:4)
  A necrophage (D:7)
  5 killer bees (D:7)
  7 crimson imps (D:7)
  3 centaur zombies
  5 hounds
  3 orc priests
  A jelly (D:5)
  5 orc wizards
  A bullfrog skeleton (D:6)
  3 iguanas
  5 worker ants
  2 hound zombies
  2 worker ant zombies
  7 gnolls
  A howler monkey skeleton (D:5)
  6 adders
  A shadow imp (D:7)
  5 white imps
  An ooze (D:7)
  An adder zombie (D:6)
  2 adder skeletons
  3 worms (D:2)
  3 leopard geckos
  21 orcs
  2 ball pythons (D:3)
  7 giant cockroaches
  5 goblins
  6 hobgoblins
  7 jackals
  3 quokkas
  9 bats
  A frilled lizard (D:1)
  A jackal skeleton (D:7)
  5 kobolds
  A quokka skeleton (D:6)
  6 rats
157 creatures vanquished.

Notes
Turn   | Place    | Note
-------+----------+-------------------------------------------
     0 | D:1      | egbert2 the Deep Elf Conjurer began the quest for the Orb.
     0 | D:1      | Reached XP level 1. HP: 10/10 MP: 6/6
   192 | D:1      | Reached XP level 2. HP: 15/15 MP: 1/8
   500 | D:2      | Reached skill level 5 in Conjurations
   507 | D:1      | Reached XP level 3. HP: 17/19 MP: 2/10
   781 | D:2      | Reached XP level 4. HP: 24/24 MP: 5/11
   839 | D:2      | Learned a level 2 spell: Searing Ray
  1294 | D:2      | Reached skill level 4 in Spellcasting
  1636 | D:3      | Reached XP level 5. HP: 28/28 MP: 3/13
  1957 | D:4      | Noticed Menkaure
  1967 | D:4      | Killed Menkaure
  1968 | D:4      | Reached skill level 5 in Spellcasting
  1968 | D:4      | Reached XP level 6. HP: 32/32 MP: 8/16
  2000 | D:4      | Reached skill level 6 in Spellcasting
  2102 | D:4      | Found Guarph's General Store.
  2354 | D:4      | Noticed Grinder
  2448 | D:4      | Killed Grinder
  2449 | D:4      | Reached skill level 7 in Spellcasting
  2449 | D:4      | Reached XP level 7. HP: 12/36 MP: 10/20
  2840 | D:4      | Reached skill level 8 in Spellcasting
  2881 | D:4      | Found Weud's Book Boutique.
  2951 | D:4      | Found Fozarph's Magic Scroll Shoppe.
  2961 | D:4      | Bought a scroll of teleportation for 39 gold pieces
  3028 | D:4      | Found a hide-covered altar of Uskayaw.
  3028 | D:4      | Found an opulent altar of Gozag.
  3200 | D:5      | Entered Level 5 of the Dungeon
  3221 | D:4      | Learned a level 4 spell: Iskenderun's Mystic Blast
  3489 | D:5      | Reached XP level 8. HP: 41/41 MP: 16/22
  3665 | D:5      | Noticed Prince Ribbit
  3673 | D:5      | Killed Prince Ribbit
  3674 | D:5      | Reached skill level 9 in Spellcasting
  4049 | D:6      | Found Aseareck's Jewellery Boutique.
  4057 | D:6      | Found a staircase to the Ecumenical Temple.
  4075 | Temple   | Entered the Ecumenical Temple
  4159 | Temple   | Became a worshipper of Qazlal Stormbringer
  4421 | D:6      | Reached skill level 10 in Spellcasting
  4531 | D:6      | Found a bloodstained altar of Trog.
  4531 | D:6      | Found a burning altar of Makhleb.
  4532 | D:6      | Found a radiant altar of Vehumet.
  4540 | D:6      | Found Qismij's Armour Shop.
  4557 | D:6      | Found Ygasoxa's Weapon Shop.
  4739 | D:6      | Learned a level 2 spell: Blink
  4811 | D:6      | Found Curojoj's Magic Scroll Shop.
  5068 | D:7      | Found Cayluq Asta's Gadget Boutique.
  5078 | D:7      | Reached XP level 9. HP: 45/45 MP: 19/25
  5143 | D:7      | Found Upipsuz's Assorted Antiques.
  5173 | D:7      | Reached skill level 10 in Conjurations
  5276 | D:7      | Reached skill level 1 in Evocations
  5350 | D:7      | Reached * piety under Qazlal
  5523 | D:7      | Reached skill level 11 in Spellcasting
  5570 | D:7      | Found Xatu's Antique Weapon Shop.
  5572 | D:7      | Found Sisot's Antique Weapon Boutique.
  5701 | D:7      | Found Ummih's Assorted Antiques.
  5767 | D:8      | Noticed Harold
  5787 | D:8      | HP: 2/45 [Harold/+0 dire flail (12)]
  5788 | D:8      | Mangled by Harold

Illustrated notes

Levels and vault maps discovered:
D:1:      grunt_arrival_lava_bath, layout_rooms, serial_rivers,
          chequers_serial_rivers_micro_e, chequers_serial_rivers_marsh,
          chequers_serial_rivers_micro_c, chequers_serial_rivers_marsh,
          chequers_serial_rivers_small_a, chequers_serial_rivers_micro_a
D:2:      layout_loops_ring, chequers_serial_rivers_micro_e,
          kennysheep_big_empty_room
D:3:      layout_basic
D:4:      layout_loops_ring, gammafunk_temple_overflow_elements, serial_shops,
          shop_scrolls, nicolae_shop_behind_doors, shop, kennysheep_mini, shop,
          uniq_menkaure, uniq_grinder
D:5:      layout_loops_ring, uniq_prince_ribbit1
D:6:      layout_gridville, minitemple, minmay_temple_entry_proselytizer,
          serial_shops, nicolae_shop_crystal, nicolae_shop_stone,
          nicolae_shop_statue_plus, shop
D:7:      layout_gridville, serial_shops, shop, shop, kennysheep_little_box,
          nicolae_shop_trees, shop, minmay_nine_imps
D:8:      layout_loops_ring, nemelex_xobeh_ov_fountains_minmay, uniq_harold,
          uniq_maurice, uniq_grum
Temple:   nicolae_temple_great_sept

Skill      XL: |  1  2  3  4  5  6  7  8  9 |
---------------+----------------------------+-----
Conjurations   | 5 6 7 8 9 10 | 10.3
Spellcasting   | 4 5 7 8 10 11 | 11.1
Dodging        | 3 4 |  4.9
Stealth        | 3 4 |  4.4
Evocations     | 1 |  1.6
Translocations | |  0.6

Action                   |  1- 3 |  4- 6 |  7- 9 || total
-------------------------+-------+-------+-------++-------
 Cast: Magic Dart        |    63 |   103 |   123 ||   289
       Searing Ray       |       |     9 |    52 ||    61
       Iskenderun's Myst |       |       |     6 ||     6
       Blink             |       |       |     3 ||     3
Evoke: Wand              |       |       |     7 ||     7
  Use: Scroll            |     2 |     2 |     6 ||    10
       Potion            |       |       |     4 ||     4
Armor: Robe              |     1 |     1 |     5 ||     7
Dodge: Dodged            |    13 |     8 |    37 ||    58

Table legend: (Time is in decaauts)
 A = Elapsed time spent in this place.
 B = Non-inter-level travel time spent in this place.
 C = Inter-level travel time spent in this place.
 D = Time resting spent in this place.
 E = Time spent auto-exploring this place.
 F = Levels seen in this place.
 G = Mean time per level.
                   A        B        C        D        E       F      G
               +--------+--------+--------+--------+--------+-----+--------+
         Total |   5795 |   2878 |   2917 |   1381 |      0 |   9 |  643.9 |
       Dungeon |   5699 |   2871 |   2828 |   1381 |      0 |   8 |  712.4 |
        Temple |     96 |      7 |     89 |      0 |      0 |   1 |   96.0 |
               +--------+--------+--------+--------+--------+-----+--------+

Top non-repeatable levels by time:
     D:4: 1222 daAuts
     D:7: 887 daAuts
     D:2: 820 daAuts
     D:6: 778 daAuts
     D:5: 760 daAuts
     D:3: 615 daAuts
     D:1: 580 daAuts
  Temple: 96 daAuts
     D:8: 33 daAuts
